 Dungeon Crawl Stone Soup version 0.31.0-11-ge490571c62 (webtiles) character file.

Game seed: 18180101661271771007

75 RancidPinata the Sneak (level 4, 0/32 HPs)
             Began as an Octopode Delver on Feb 10, 2024.
             Slain by a gnoll
             ... wielding a +0 flail
              (3 damage)
             ... on level 3 of the Dungeon.
             The game lasted 00:02:45 (798 turns).

RancidPinata the Sneak (Octopode Delver)             Turns: 798, Time: 00:02:45

Health: 0/32       AC:  1    Str: 11    XL:     4   Next: 31%
Magic:  4/4        EV: 14    Int: 12    God:
Gold:   50         SH:  0    Dex: 15    Spells: 3/3 levels left

rFire   . . .        a - +0 short sword
rCold   . . .        (no shield)
rNeg    . . .        (helmet restricted)
rPois   .            (no amulet)
rElec   .            (no ring)
rCorr   .            (no ring)
SInv    .            (no ring)
Will    .....        (no ring)
Stlth   +++++        (no ring)
HPRegen 0.25/turn    (no ring)
MPRegen 0.09/turn    (no ring)
                     (no ring)

%: no passive effects
@: no status effects
A: almost no armour, amphibious, 8 rings, camouflage 1, gelatinous body 1,
(nimble swimmer 1), tentacles
a: no special abilities


You were on level 3 of the Dungeon.
You visited 1 branch of the dungeon, and saw 5 of its levels.

You collected 50 gold pieces.

Inventory:

Hand Weapons
 a - a +0 short sword (weapon)
Jewellery
 m - a ring of ice
Wands
 f - a wand of digging (3)
Scrolls
 b - a scroll of fog
 c - a scroll of revelation
 j - 2 scrolls of teleportation {unknown}
 k - a scroll of silence {unknown}
 n - 2 scrolls of noise {unknown}
 o - a scroll of amnesia {unknown}
Potions
 d - a potion of enlightenment {unknown}
 e - a potion of haste
 g - 2 potions of brilliance {unknown}
 h - a potion of might {unknown}
 i - a potion of lignification {unknown}
 l - a potion of berserk rage {unknown}


   Skills:
 * Level 3.6 Fighting
 + Level 2.5 Short Blades
 * Level 2.8 Dodging
 * Level 7.3 Stealth


You had 3 spell levels left.
You didn't know any spells.
Your spell library contained the following spells:

 Spells                   Type           Power      Damage    Failure   Level
 Blink                    Tloc           0%         N/A       45%         2
 Lesser Beckoning         Tloc           0%         N/A       45%         2
 Momentum Strike          Conj/Tloc      0%         3d8       45%         2


Dungeon Overview and Level Annotations

Branches:
Dungeon (6/15)
 Temple: D:4-7

Altars:
The Shining One

Annotations:
D:3 3 runed translucent doors, Buffagor's ghost, amateur MfSh
D:4 Grinder


Innate Abilities, Weirdness & Mutations

You cannot wear most types of armour.
You are amphibious.
You can wear up to eight rings at the same time.
Your skin changes colour to match your surroundings (Stealth+).
Your rubbery body absorbs attacks. (AC +1, EV +1)
((You are camouflaged when in or above water. (Stealth+)))
You have tentacles for arms and can constrict up to eight enemies at once.


Message History

You constrict the goblin. The goblin completely misses you.
You hit the goblin.
The goblin is severely wounded.
You constrict the goblin.
You kill the goblin!
n - a scroll labelled CACYSU HESE
o - a scroll labelled TUTODO BAZOBA
n - 2 scrolls labelled CACYSU HESE (gained 1)
There is a stone staircase leading down here.
You climb downwards.
Level annotation: 3 runed translucent doors, Buffagor's ghost, amateur MfSh
There is a stone staircase leading up here.
A gnoll comes into view. It is wielding a +0 flail.
The gnoll hits you from afar with a +0 spear.
The gnoll attacks as it pursues you!
The gnoll hits you from afar with a +0 spear!
There is a stone staircase leading up here.
The gnoll hits you with a +0 spear.
The gnoll hits you from afar with a +0 spear!
* * * LOW HITPOINT WARNING * * *
There is a stone staircase leading up here.
The gnoll hits you with a +0 spear.
* * * LOW HITPOINT WARNING * * *
You closely miss the gnoll. You grab the gnoll. You squeeze the gnoll!
The gnoll is heavily wounded.
You constrict the gnoll. The gnoll closely misses you.
You hit the gnoll but do no damage.
The gnoll is heavily wounded.
You constrict the gnoll. You hit the gnoll.
The gnoll is severely wounded.
You constrict the gnoll. The gnoll hits you with a +0 spear.
* * * LOW HITPOINT WARNING * * *
You hit the gnoll.
You kill the gnoll!
You hit the gnoll. You grab the gnoll.
The gnoll is moderately wounded.
You constrict the gnoll, but do no damage.
The gnoll hits you with a +0 flail.
You die...

#.....########.#...#.#......
##.........# #.#.#...##.###.
######g...# #.#.#...##.####
#....# #.#.#...##.....
#...## #.#.#...######.
#####...# #.#............
........# #.#......#####.
#####...####.#......# #.
#......g@<#.#......# #.
####.##...####.######.# #.
...........# #.#......# #.
...........# #.#...#### #.
...........###.#...# #.
...............#...# #.
...........#####...# #.
#######.#### #...# #. #.#
#...# #.


You could see a gnoll.

Vanquished Creatures
  Natasha (D:3)
  2 gnolls
  2 adders
  A dart slug (D:3)
  An orc (D:3)
  A ball python (D:3)
  A giant cockroach (D:3)
  2 goblins
  A hobgoblin (D:4)
  A bat (D:3)
13 creatures vanquished.

Notes
Turn   | Place    | Note
-------+----------+-------------------------------------------
     0 | D:5      | RancidPinata the Octopode Delver began the quest for the
                  | Orb.
     0 | D:5      | Reached XP level 1. HP: 16/16 MP: 1/1
    16 | D:6      | Noticed an ogre
    32 | D:6      | Noticed a scorpion
    46 | D:5      | Noticed Grinder
    84 | D:4      | Noticed a jelly
   138 | D:3      | Found a runed translucent gate.
   139 | D:3      | Found a runed translucent gate.
   140 | D:3      | Found a runed translucent gate.
   141 | D:3      | Noticed Buffagor's ghost (amateur MfSh)
   141 | D:3      | Noticed a water moccasin zombie
   206 | D:3      | Found a glowing golden altar of the Shining One.
   273 | D:3      | Reached XP level 2. HP: 21/21 MP: 2/2
   511 | D:3      | Noticed Natasha
   516 | D:3      | Killed Natasha
   517 | D:3      | Reached skill level 7 in Stealth
   517 | D:3      | Reached XP level 3. HP: 26/26 MP: 3/3
   709 | D:2      | Reached XP level 4. HP: 20/32 MP: 4/4
   798 | D:3      | Slain by a gnoll

Illustrated notes

Levels and vault maps discovered:
D:2:      minmay_diamond_boxcup, layout_basic
D:3:      layout_basic, tso_metal_star, gammafunk_ghost_necromancy, uniq_natasha
D:4:      layout_loops_ring, mainiacjoe_overflow_alcove_1, temple_hall,
          minmay_misc_feat_nine_boxes
D:5:      minmay_razor_zed, layout_loops_ring, nicolae_sif_muna_little_library,
          uniq_sigmund, uniq_grinder, uniq_menkaure, uniq_pikel
D:6:      layout_basic, kennysheep_mini_moat

Skill      XL: |  1  2 |
---------------+-------+-----
Stealth        | 7 |  7.3
Fighting       | |  3.6
Short Blades   | |  2.5
Dodging        | |  2.8

Action                     |  1- 3 |  4- 6 || total
---------------------------+-------+-------++-------
  Melee: Short sword       |    16 |     7 ||    23
         Constrict         |     3 |     3 ||     6
         Tentacles         |     2 |     1 ||     3
    Use: Scroll            |     1 |       ||     1
   Stab: Sleeping          |     7 |       ||     7
         Distracted        |     1 |       ||     1
 Armour: Skin              |     5 |     7 ||    12
  Dodge: Dodged            |     2 |     3 ||     5
